 Dungeon Crawl Stone Soup version 0.28-a0-1622-gc30f734a66 (webtiles) character file.

Game seed: 3073254787150293185

91 Anathary the Covered (level 4, -2/41 HPs)
             Began as a Minotaur Fighter on Jan 23, 2022.
             Splashed by a jelly's acid (5 damage)
             ... on level 4 of the Dungeon.
             The game lasted 00:10:10 (2894 turns).

Anathary the Covered (Minotaur Fighter)             Turns: 2894, Time: 00:10:11

Health: -2/41      AC: -9    Str: 22    XL:     4   Next: 34%
Magic:  3/3        EV: 10    Int:  5    God:
Gold:   149        SH:  4    Dex: 10    Spells: 3/3 levels left

rFire   . . .      SeeInvis .   a - +0 long sword
rCold   . . .      Faith    .   c - +0 buckler
rNeg    . . .      Spirit   .   l - +0 ring mail
rPois   .          Reflect  .   (helmet restricted)
rElec   .          Harm     .   (no cloak)
rCorr   .          Rampage  .   (no gloves)
Will    .....                   (no boots)
Stlth   ..........              (no amulet)
HPRegen 0.13/turn               (no ring)
MPRegen 0.08/turn               (no ring)

@: corroded
A: horns 2, retaliatory headbutt
a: no special abilities


You were on level 4 of the Dungeon.
You visited 1 branch of the dungeon, and saw 4 of its levels.

You collected 149 gold pieces.

Inventory:

Hand Weapons
 a - a +0 long sword (weapon)
Armour
 c - a +0 buckler (worn)
 l - a +0 ring mail (worn)
Jewellery
 g - a ring of fire
 m - a ring of fire
Scrolls
 b - a scroll of amnesia {unknown}
 e - a scroll of summoning {unknown}
 f - 5 scrolls of identify {unknown}
 h - 2 scrolls of fog {unknown}
 k - a scroll of enchant weapon {unknown}
 n - 3 scrolls of teleportation {unknown}
 o - a scroll of immolation {unknown}
 p - 2 scrolls of enchant armour {unknown}
 r - a scroll of vulnerability {unknown}
Potions
 d - a potion of might
 i - a potion of curing {unknown}
 j - 2 potions of brilliance {unknown}
 q - 3 potions of heal wounds {unknown}


   Skills:
 + Level 4.3 Fighting
 + Level 3.8 Long Blades
 + Level 4.5 Armour
 + Level 0.3 Dodging
 + Level 4.0 Shields


You had 3 spell levels left.
You didn't know any spells.
Your spell library was empty.

Dungeon Overview and Level Annotations

Branches:
Dungeon (4/15)
 Temple: D:4-7

Altars:

Shops:
D:2 [


Innate Abilities, Weirdness & Mutations

You have a pair of horns on your head.
You reflexively headbutt those who attack you in melee.


Message History

The hobgoblin hits you but does no damage.
You closely miss the hobgoblin.
The hobgoblin is severely wounded.
The hobgoblin hits you.
The hobgoblin hits you but does no damage.
You slash the hobgoblin!
You kill the hobgoblin!
You see here a hobgoblin corpse.
You see here a +0 great sword.
You now have 134 gold pieces (gained 14).
You now have 149 gold pieces (gained 15).
A ball python comes into view.
The ball python bites you. The ball python grabs you.
The ball python constricts you.
You slash the ball python!
You kill the ball python!
q - 3 grey potions (gained 1)
Found 15 stones.
You see here 15 stones.
Found an escape hatch in the floor.
A jelly comes into view.
The jelly quivers.
The jelly hits you.
You are splashed with acid!
You hit the jelly but do no damage. The acid corrodes you!
Your hands burn!
The jelly hits you. The acid corrodes you!
You are splashed with acid!
You slash the jelly!
Your hands burn!
* * * LOW HITPOINT WARNING * * *
The jelly is heavily wounded.
The jelly hits you.
* * * LOW HITPOINT WARNING * * *
The acid corrodes you!
You are splashed with acid.
* * * LOW HITPOINT WARNING * * *
You block the jelly's attack.
You hit the jelly but do no damage. The acid corrodes you!
Your hands burn!
* * * LOW HITPOINT WARNING * * *
You headbutt the jelly, but do no damage.
The jelly is heavily wounded.
You block the jelly's attack.
You hit the jelly. The acid corrodes you!
Your hands burn!
You die...

..###### ........ #....# #######.
.....# ### #####.....# ..#######
#....#....# #.......#
#....#....####
###.....###....#.......#
#............#....##
#####...#.......@J..>#
........#.#....#......#
#####.....#...(####....# #
#.#...#....# #..#
#####.#....#.######. ..
......#..#.......... #.# #
####.....##......... #.### #####
.##..##..........##.###...# #....
.##.####....####........#.###....


You could see a jelly.

Vanquished Creatures
  2 worms (D:3)
  3 dart slugs
  5 orcs
  3 ball pythons
  7 endoplasms
  3 giant cockroaches
  4 goblins
  7 hobgoblins
  2 jackals (D:4)
  3 quokkas
  7 bats
  3 frilled lizards
  8 kobolds
  15 rats
72 creatures vanquished.

Notes
Turn   | Place    | Note
-------+----------+-------------------------------------------
     0 | D:1      | Anathary the Minotaur Fighter began the quest for the Orb.
     0 | D:1      | Reached XP level 1. HP: 19/19 MP: 0/0
    79 | D:1      | Reached XP level 2. HP: 26/27 MP: 1/1
   531 | D:1      | Found a faded altar of an unknown god.
   541 | D:1      | Reached XP level 3. HP: 32/33 MP: 2/2
  1250 | D:2      | Found Xuita's Antique Armour Boutique.
  2006 | D:3      | Reached XP level 4. HP: 41/41 MP: 3/3
  2894 | D:4      | Splashed by a jelly's acid

Illustrated notes

Levels and vault maps discovered:
D:1:      dpeg_arrival_simpleton_c, layout_basic, ebering_ecumenical_altar_webs
D:2:      layout_loops_ring, serial_shops, shop, nicolae_figureground_pulse
D:3:      layout_rooms, grunt_ministairs_5, minmay_vboxes
D:4:      layout_rooms, nicolae_xom_altar_mimics

Skill      XL: |  1  2  3 |
---------------+----------+-----
Armour         | 4 |  4.5
Fighting       | 4 |  4.3
Shields        | 4 |  4.0
Long Blades    | 3 |  3.8
Dodging        | |  0.3

Action                   |  1- 3 |  4- 6 || total
-------------------------+-------+-------++-------
Melee: Long sword        |   105 |    44 ||   149
       Headbutt          |    17 |     6 ||    23
Armor: Scale mail        |    43 |       ||    43
       Ring mail         |    12 |    19 ||    31
Dodge: Dodged            |    63 |    23 ||    86
Block: Buckler           |    21 |    10 ||    31

Table legend: (Time is in decaauts)
 A = Elapsed time spent in this place.
 B = Non-inter-level travel time spent in this place.
 C = Inter-level travel time spent in this place.
 D = Time resting spent in this place.
 E = Time spent auto-exploring this place.
 F = Levels seen in this place.
 G = Mean time per level.
                   A        B        C        D        E       F      G
               +--------+--------+--------+--------+--------+-----+--------+
         Total |   2939 |   2719 |    220 |    455 |   1181 |   4 |  734.8 |
       Dungeon |   2939 |   2719 |    220 |    455 |   1181 |   4 |  734.8 |
               +--------+--------+--------+--------+--------+-----+--------+

Top non-repeatable levels by time:
     D:3: 909 daAuts
     D:1: 867 daAuts
     D:2: 821 daAuts
     D:4: 341 daAuts
